cohdb
Replays
Latest Replays
All Replays
Popular Replays
Top Player Replays
Match Explorer
How It Works
Community
CoH3 Stats
Reddit
Sign in to upload your games and track your stats! →
Sign in with Steam
Match 19775721
Unlisted
Match 19775721
Overview
Messages
Build Orders
End
Construct Infanterie Kompanie
Kettenkrad Recon Vehicle
Grenadier Squad
Selects Mechanized Battlegroup
MG 42 Machine Gun Team
MG 42 Bunker
Pioneer Squad
Construct Panzergrenadier Kompanie
Medical Station
Grenadier Squad
Pak 40 Anti-tank Gun Team
Support Elements
MG 42 Bunker
GrW 34 Mortar Team
Selects Spotting Scopes
MG 42 Machine Gun Team
Mleko Kokosowe
MonoChrome
TRANG NEMO
Winitariy
0
0
Comments
sign in to comment!
No comments posted yet!